 Dungeon Crawl Stone Soup version 0.31-a0-303-gdc8c9485ea (webtiles) character file.

Game seed: 13776038533933367774

33 Hubjo the Conjurer (level 3, -3/28 HPs)
             Began as a Demonspawn Reaver on July 16, 2023.
             Slain by an orc
             ... wielding a +0 hand axe
              (6 damage)
             ... on level 2 of the Dungeon.
             The game lasted 00:03:17 (1011 turns).

Hubjo the Conjurer (Demonspawn Reaver)              Turns: 1011, Time: 00:03:18

Health: -3/28      AC:  3    Str: 12    XL:     3   Next: 12%
Magic:  6/6        EV: 11    Int: 16    God:
Gold:   9          SH:  0    Dex: 11    Spells: 5/6 levels left

rFire   . . .        a - +0 short sword
rCold   . . .        (no shield)
rNeg    . . .        b - +0 leather armour
rPois   .            (no helmet)
rElec   .            (no cloak)
rCorr   .            (no gloves)
SInv    .            (no boots)
Will    .....        (no amulet)
Stlth   +            (no ring)
HPRegen 0.24/turn    (no ring)
MPRegen 0.10/turn

%: no passive effects
@: no status effects
A: powered by pain 1
a: no special abilities


You were on level 2 of the Dungeon.
You visited 1 branch of the dungeon, and saw 2 of its levels.

You collected 9 gold pieces.

Inventory:

Hand Weapons
 a - a +0 short sword (weapon)
Armour
 b - a +0 leather armour (worn)
 h - a +0 pair of boots
Scrolls
 c - a scroll of noise
 d - a scroll of immolation
 f - a scroll of teleportation


   Skills:
 + Level 2.4 Fighting
 + Level 3.0 Short Blades
 - Level 2.0 Dodging
 + Level 0.5 Stealth
 * Level 2.4 Spellcasting
 - Level 3.1 Conjurations


You had 5 spell levels left.
You knew the following spells:

 Your Spells              Type           Power      Damage    Failure   Level
a - Kiss of Death         Conj/Necr      24%        2d7       13%         1

Your spell library contained the following spells:

 Spells                   Type           Power      Damage    Failure   Level
 Momentum Strike          Conj/Tloc      12%        3d8       21%         2
 Hailstorm                Conj/Ice       6%         3d4       36%         3


Dungeon Overview and Level Annotations

Branches:
Dungeon (2/15)

Altars:


Innate Abilities, Weirdness & Mutations

You sometimes gain a little power by taking damage.


Message History

You are too injured to fight recklessly!
You are too injured to fight recklessly!
You are too injured to fight recklessly!
You are too injured to fight recklessly!
You are too injured to fight recklessly!
You are too injured to fight recklessly!
You are too injured to fight recklessly!
You are too injured to fight recklessly!
You are too injured to fight recklessly!
You are too injured to fight recklessly!
You are too injured to fight recklessly!
You are too injured to fight recklessly!
You are too injured to fight recklessly!
You are too injured to fight recklessly!
You are too injured to fight recklessly!
You are too injured to fight recklessly!
You are too injured to fight recklessly!
You are too injured to fight recklessly!
Sorry, you're not good enough to have a special ability.
You are too injured to fight recklessly!
As you read the scroll labelled ZUADEAMIAN, it crumbles to dust.
The creatures around you are filled with an inner flame!
It was a scroll of immolation.
The orc hits you with a +0 dagger.
* * * LOW HITPOINT WARNING * * *
The orc priest begins to cast a cantrip, but forgets the words!
The orc hits you with a +0 hand axe.
* * * LOW HITPOINT WARNING * * *
As you read the scroll labelled TAULI KUOPSOID, it crumbles to dust.
You hear a loud clanging noise!
It was a scroll of noise.
You hear a shout!
You hear an angry hiss.
The orc closely misses you. The orc hits you with a +0 dagger.
* * * LOW HITPOINT WARNING * * *
It was a potion of magic.
Magic courses through your body. The orc misses you.
The orc closely misses you.
As you read the scroll labelled RIOWKO SYXEGH, it crumbles to dust.
It is a scroll of identify.
f - a scroll of teleportation The orc hits you but does no damage.
The orc hits you with a +0 hand axe.
You die...

#### ... . ...
... ###.# #
....# #o.. .#
......###o#
#.###
#.w.@o#.....#
#####)#######
#.~≈≈≈≈≈≈
###.#######
#...#.....#
#.#.###.###
#######.#...#.#
#.........#.# #
#.........#...


You could see a worm (inner flame), an orc priest (inner flame) and 2 orcs.

Vanquished Creatures
  A dart slug (D:1)
  2 orcs (D:2)
  7 ball pythons (D:1)
  2 endoplasms (D:1)
  A giant cockroach (D:1)
  A goblin (D:1)
  A hobgoblin (D:1)
  5 quokkas (D:1)
  2 bats (D:1)
  A frilled lizard (D:1)
  3 kobolds
  A rat (D:1)
27 creatures vanquished.

Notes
Turn   | Place    | Note
-------+----------+-------------------------------------------
     0 | D:1      | Hubjo the Demonspawn Reaver began the quest for the Orb.
     0 | D:1      | Reached XP level 1. HP: 16/16 MP: 3/3
   163 | D:1      | Gained mutation: You sometimes gain a little power by
                  | taking damage. [demonic ancestry]
   163 | D:1      | Reached XP level 2. HP: 14/22 MP: 5/5
   819 | D:1      | Reached XP level 3. HP: 28/28 MP: 6/6
  1011 | D:2      | Slain by an orc

Illustrated notes

Levels and vault maps discovered:
D:1:      beargit_arrival_greenhouse, layout_loops_ring, minmay_pentomino_x2
D:2:      layout_basic, grunt_decor_cap, dreamdust_mushroom_princess,
          chequers_serial_rivers_micro_d, uniq_crazy_yiuf_cottage

Skill      XL: |  1  2 |
---------------+-------+-----
Dodging        | 2 |  2.0
Short Blades   | 3 |  3.0
Fighting       | |  2.4
Stealth        | |  0.5
Spellcasting   | |  2.4
Conjurations   | |  3.1

Action                     || total
---------------------------++-------
  Melee: Short sword       ||    98
         Punch             ||     1
    Use: Scroll            ||     3
         Potion            ||     1
 Armour: Leather armour    ||    18
  Dodge: Dodged            ||    43

Table legend: (Time is in decaauts)
 A = Elapsed time spent in this place.
 B = Non-inter-level travel time spent in this place.
 C = Inter-level travel time spent in this place.
 D = Time resting spent in this place.
 E = Time spent auto-exploring this place.
 F = Levels seen in this place.
 G = Mean time per level.
                   A        B        C        D        E       F      G
               +--------+--------+--------+--------+--------+-----+--------+
         Total |    996 |    902 |     94 |      0 |    733 |   2 |  498.0 |
       Dungeon |    996 |    902 |     94 |      0 |    733 |   2 |  498.0 |
               +--------+--------+--------+--------+--------+-----+--------+

Top non-repeatable levels by time:
     D:1: 957 daAuts
     D:2: 38 daAuts
